[Event "42nd Olympiad Baku 2016 Women"]
[Site "Baku"]
[Date "2016.09.05"]
[Round "4.23"]
[White "Camp, Imogen A L"]
[Black "Rubsamen, Anais"]
[Result "1-0"]
[ECO "A48"]
[WhiteElo "1718"]
[BlackElo "1611"]
[Annotator ""]
[PlyCount "111"]
[EventDate "2016.??.??"]
[EventCountry "AZE"]
[SourceTitle "playchess.com"]
[Source "ChessBase"]
[WhiteTeam "Wales"]
[BlackTeam "Monaco"]
[WhiteTeamCountry "WLS"]
[BlackTeamCountry "MNC"]
[TimeControl "40/5400+30:1800+30"]

1. d4 {(00:00)} Nf6 {(00:00)} 2. Nf3 {(00:00)} g6 {
(00:00)} 3. Bf4 {(00:00)} Bg7 {(00:25)} 4. e3 {(00:
00)} O-O {(00:39)} 5. Be2 {(00:00)} d5 {(01:44)} 6. h3 {
(00:34)} Bf5 {(02:05)} 7. O-O {(03:24)} Nbd7 {(01:
58)} 8. Ne5 {(01:33)} c5 {(08:30)} 9. c3 {(02:29)} Qb6 {
(03:08)} 10. Qc1 {(06:35)} Rac8 {(17:53)} 11. Nd2 {
(12:59)} Rfe8 {(23:43)} 12. Nb3 {(13:43)} c4 {(02:
58)} 13. Nd2 {(02:53)} Qa5 {(02:13)} 14. f3 {(01:59)} Nh5
{(04:22)} 15. Bh2 {(02:52)} Nxe5 {(00:23)} 16. dxe5 {
(00:22)} Qc5 {(05:59)} 17. Rf2 {(18:27)} Bh6 {(03:
29)} 18. f4 {(19:31)} Qxe3 {(00:07)} 19. Nf1 {(00:05)}
Qxc1 {(13:31)} 20. Rxc1 {(00:05)} Bd3 {(02:02)} 21. Bxd3 {
(01:17)} cxd3 {(00:49)} 22. g4 {(01:04)} Nxf4 {(01:
00)} 23. Bxf4 {(00:24)} Bxf4 {(00:03)} 24. Rxf4 {(00:08)}
Rc4 {(01:08)} 25. Rd4 {(00:25)} Rxd4 {(01:15)} 26. cxd4 {
(00:07)} e6 {(00:06)} 27. Kf2 {(00:10)} Kg7 {(00:
25)} 28. Rc7 {(00:39)} Rb8 {(01:22)} 29. Ke3 {(00:06)} a5
{(00:46)} 30. Kxd3 {(00:07)} b6 {(00:27)} 31. Nd2 {
(00:10)} h6 {(00:50)} 32. Nb1 {(00:15)} b5 {(00:21]
} 33. Rc5 {(00:31)} g5 {(00:19)} 34. Nc3 {(01:19)} b4 {
(00:19)} 35. Na4 {(02:16)} b3 {(00:24)} 36. a3 {(
00:36)} Ra8 {(00:23)} 37. Rb5 {(00:18)} Rc8 {(00:46)} 38.
Nc5 {(00:16)} a4 {(00:21)} 39. Rb4 {(00:05)} Kg6 {(
01:04)} 40. Rxa4 {(00:13)} h5 {(00:17)} 41. Nxb3 {(30:59)}
f5 {(30:35)} 42. exf6 {(00:11)} Kxf6 {(00:10)} 43. Nc5 {
(00:26)} hxg4 {(00:40)} 44. hxg4 {(00:19)} Rh8 {(
00:04)} 45. Nd7+ {(00:45)} Ke7 {(00:24)} 46. Ne5 {(00:06)}
Rh3+ {(00:22)} 47. Kc2 {(00:08)} Re3 {(00:12)} 48. Kb1 {
(04:32)} Rb3 {(00:36)} 49. Rb4 {(00:28)} Re3 {(00:
14)} 50. a4 {(00:10)} Kd8 {(00:13)} 51. a5 {(00:12)} Kc7 {
(00:17)} 52. a6 {(00:21)} Rh3 {(00:17)} 53. Rb7+ {(
00:39)} Kc8 {(00:11)} 54. Rg7 {(00:33)} Kb8 {(00:24)} 55.
Nc6+ {(00:04)} Kc8 {(00:40)} 56. a7 {(00:06)} 1-0

[Event "42nd Olympiad Baku 2016 Women"]
[Site "Baku"]
[Date "2016.09.05"]
[Round "4.8"]
[White "Carraro, Denise"]
[Black "Fuchs, Judith"]
[Result "0-1"]
[ECO "B90"]
[WhiteElo "2120"]
[BlackElo "2287"]
[Annotator ""]
[PlyCount "72"]
[EventDate "2016.??.??"]
[EventCountry "AZE"]
[SourceTitle "playchess.com"]
[Source "ChessBase"]
[WhiteTeam "Argentina"]
[BlackTeam "Germany"]
[WhiteTeamCountry "ARG"]
[BlackTeamCountry "GER"]
[TimeControl "40/5400+30:1800+30"]

1. e4 {(00:00)} c5 {(00:00)} 2. Nf3 {(00:00)} d6 {(
00:00)} 3. d4 {(00:00)} cxd4 {(00:00)} 4. Nxd4 {(00:00)}
Nf6 {(00:00)} 5. Nc3 {(00:01)} a6 {(00:02)} 6. h3 {
(00:41)} Nc6 {(00:18)} 7. g4 {(00:49)} Qb6 {(00:20]
} 8. Nb3 {(00:33)} e6 {(00:26)} 9. Bg2 {(00:51)} Be7 {
(00:40)} 10. Be3 {(03:29)} Qc7 {(00:17)} 11. Qe2 {(
03:35)} b5 {(05:26)} 12. f4 {(08:27)} Bb7 {(05:42)} 13.
O-O-O {(11:22)} Nd7 {(04:32)} 14. Rhe1 {(21:35)} O-O {
(04:51)} 15. g5 {(17:16)} Rac8 {(05:52)} 16. Kb1 {(
01:35)} Na5 {(16:56)} 17. Nxa5 {(14:58)} Qxa5 {(00:09)}
18. e5 {(00:22)} d5 {(08:47)} 19. f5 {(05:31)} Bb4 {
(13:47)} 20. Bd4 {(00:21)} Nb6 {(03:21)} 21. Rd3 {(
04:45)} Rc4 {(05:20)} 22. Qe3 {(01:07)} Nd7 {(11:23)} 23.
f6 {(00:17)} g6 {(02:11)} 24. a3 {(00:29)} Bc5 {(
03:52)} 25. Qf4 {(02:01)} Rc8 {(02:11)} 26. Qh4 {(00:57)}
Bf8 {(01:00)} 27. Qg3 {(00:13)} b4 {(01:21)} 28. axb4 {
(00:31)} Bxb4 {(00:51)} 29. h4 {(00:39)} Nc5 {(01:
11)} 30. Bxc5 {(00:26)} R4xc5 {(00:54)} 31. Ree3 {(01:04)}
Qc7 {(02:36)} 32. Qf4 {(01:28)} Rc4 {(00:31)} 33. Rd4 {
(00:18)} Rxd4 {(00:40)} 34. Qxd4 {(00:11)} Bc5 {(
00:04)} 35. Qd3 {(00:38)} Bxe3 {(00:24)} 36. Qxe3 {(00:02]
} d4 {(00:24)} 0-1

[Event "42nd Olympiad Baku 2016 Women"]
[Site "Baku"]
[Date "2016.09.05"]
[Round "4.1"]
[White "Caruana Pulpan, Oana"]
[Black "Figueroa, Julissa"]
[Result "1-0"]
[ECO "D02"]
[WhiteElo "1894"]
[BlackElo "1787"]
[Annotator ""]
[PlyCount "103"]
[EventDate "2016.??.??"]
[EventCountry "AZE"]
[SourceTitle "playchess.com"]
[Source "ChessBase"]
[WhiteTeam "Malta"]
[BlackTeam "Guatemala"]
[WhiteTeamCountry "MLT"]
[BlackTeamCountry "GUA"]
[TimeControl "40/5400+30:1800+30"]

1. d4 {(00:00)} d5 {(00:00)} 2. Nf3 {(00:00)} e6 {(
00:00)} 3. g3 {(00:00)} Nf6 {(00:00)} 4. Bg2 {(00:00)} Be7
{(00:00)} 5. O-O {(00:00)} O-O {(00:00)} 6. Nbd2 {(
00:00)} c6 {(01:29)} 7. c4 {(00:12)} b6 {(01:24)} 8. Ne5 {
(00:18)} Bb7 {(01:44)} 9. b3 {(01:24)} Nbd7 {(02:
38)} 10. Bb2 {(00:23)} Rc8 {(16:40)} 11. Rc1 {(02:17)} Qc7
{(08:44)} 12. e4 {(02:30)} dxe4 {(09:48)} 13. Nxe4 {
(01:34)} Nxe4 {(02:06)} 14. Bxe4 {(00:09)} Nxe5 {(
00:51)} 15. dxe5 {(00:23)} c5 {(01:12)} 16. Qc2 {(00:26)}
Bxe4 {(01:27)} 17. Qxe4 {(00:06)} Rfd8 {(08:18)} 18. Rcd1
{(00:05)} g6 {(07:26)} 19. f3 {(02:37)} Bf8 {(04:
06)} 20. Kf2 {(03:34)} Bg7 {(01:52)} 21. Ke2 {(03:36)} Qe7
{(00:55)} 22. Bc1 {(03:08)} h6 {(05:28)} 23. h4 {(
06:25)} Qc7 {(08:15)} 24. Bf4 {(04:48)} b5 {(06:50)} 25.
cxb5 {(14:04)} Qa5 {(00:07)} 26. a4 {(10:10)} Qc3 {
(00:11)} 27. Rd3 {(34:04)} Qc2+ {(00:28)} 28. Bd2 {
(01:55)} Rxd3 {(03:52)} 29. Qxd3 {(00:05)} Qxd3+ {(
00:06)} 30. Kxd3 {(00:03)} Rd8+ {(00:15)} 31. Kc2 {(03:04]
} Bxe5 {(00:18)} 32. g4 {(00:12)} Kg7 {(00:26)} 33. Rd1 {
(00:15)} Rd5 {(01:10)} 34. Bc3 {(02:06)} Bd4 {(01:
17)} 35. b4 {(01:23)} e5 {(01:13)} 36. Kb3 {(00:11)} Kf6 {
(00:53)} 37. bxc5 {(00:19)} Rxc5 {(01:04)} 38. Bxd4 {
(00:09)} exd4 {(00:04)} 39. Rxd4 {(00:05)} Ke6 {(
00:24)} 40. Rc4 {(00:00)} Kd5 {(00:00)} 41. Rxc5+ {(05:50]
} Kxc5 {(02:22)} 42. f4 {(00:34)} f6 {(02:21)} 43. Kc3 {
(05:16)} Kb6 {(00:58)} 44. g5 {(00:26)} fxg5 {(00:
36)} 45. fxg5 {(06:25)} hxg5 {(00:19)} 46. hxg5 {(00:06)}
Ka5 {(00:59)} 47. Kb3 {(00:14)} Kb6 {(00:09)} 48. Kb4 {
(00:07)} Kb7 {(00:41)} 49. a5 {(00:25)} Kc7 {(00:
44)} 50. Kc5 {(00:04)} Kb7 {(00:10)} 51. Kd6 {(00:17)} Kc8
{(00:22)} 52. Ke6 {(00:13)} 1-0

[Event "42nd Olympiad Baku 2016 Women"]
[Site "Baku"]
[Date "2016.09.05"]
[Round "4.1"]
[White "Caton, Stacey"]
[Black "Varona-Thomas, Maria"]
[Result "0-1"]
[ECO "E62"]
[WhiteElo "1605"]
[BlackElo "1775"]
[Annotator ""]
[PlyCount "60"]
[EventDate "2016.??.??"]
[EventCountry "AZE"]
[SourceTitle "playchess.com"]
[Source "ChessBase"]
[WhiteTeam "ARU"]
[BlackTeam "Guyana"]
[BlackTeamCountry "GUY"]
[TimeControl "40/5400+30:1800+30"]

1. d4 {(00:00)} Nf6 {(00:00)} 2. Nf3 {(00:00)} g6 {
(00:00)} 3. g3 {(00:00)} Bg7 {(00:00)} 4. Bg2 {(00:
00)} O-O {(00:00)} 5. O-O {(00:00)} d6 {(00:00)} 6. c4 {
(00:09)} c6 {(00:01)} 7. Nc3 {(00:12)} Qa5 {(00:32]
} 8. Bd2 {(07:51)} Qh5 {(01:51)} 9. h3 {(04:41)} Bxh3 {
(04:18)} 10. Bxh3 {(07:58)} Qxh3 {(00:14)} 11. Ng5 {
(01:19)} Qg4 {(05:46)} 12. Nf3 {(15:28)} Nh5 {(22:
21)} 13. Kh2 Nd7 {(04:09)} 14. e4 {(27:16)} f5 {(01:58)}
15. Ng5 {(04:45)} Qxd1 {(01:10)} 16. Raxd1 {(00:33)} fxe4
{(04:25)} 17. Ncxe4 {(12:17)} Nhf6 {(16:08)} 18. Nxf6+
Rxf6 19. Be3 {(01:33)} h6 {(01:33)} 20. Ne4 {(03:44)} Rf7
{(05:25)} 21. Rd2 {(00:41)} d5 {(02:22)} 22. cxd5 {
(00:43)} cxd5 {(00:07)} 23. Nc3 {(00:34)} Nf6 {(00:
19)} 24. f3 {(06:44)} Ng4+ {(04:16)} 25. fxg4 {(01:14)}
Rxf1 {(00:05)} 26. Nxd5 {(00:41)} Re1 {(02:21)} 27. Nc7 {
(03:19)} Rc8 {(00:42)} 28. Bf2 {(00:11)} Re4 29. Nd5 {
(01:52)} Rd8 {(03:20)} 30. Nc3 {(00:32)} Rxg4 {(00:
23)} 0-1

[Event "42nd Olympiad Baku 2016 Women"]
[Site "Baku"]
[Date "2016.09.05"]
[Round "4.17"]
[White "Caxita, Esperanca"]
[Black "Farha, Doha"]
[Result "1-0"]
[ECO "B34"]
[WhiteElo "1871"]
[BlackElo "1851"]
[Annotator ""]
[PlyCount "47"]
[EventDate "2016.??.??"]
[EventCountry "AZE"]
[SourceTitle "playchess.com"]
[Source "ChessBase"]
[WhiteTeam "Angola"]
[BlackTeam "Syria"]
[WhiteTeamCountry "ANG"]
[BlackTeamCountry "SYR"]
[TimeControl "40/5400+30:1800+30"]

1. e4 {(00:00)} c5 {(00:00)} 2. Nf3 {(00:00)} Nc6 {
(00:00)} 3. d4 {(00:00)} cxd4 {(00:00)} 4. Nxd4 {(
00:02)} Nf6 {(00:00)} 5. Nc3 {(00:24)} e5 {(00:07)} 6. Nf3
{(03:58)} Bb4 {(04:05)} 7. Bc4 {(03:10)} O-O {(11:
04)} 8. Nd2 {(06:11)} Bxc3 {(14:51)} 9. bxc3 {(00:15)} d5
{(02:30)} 10. exd5 {(01:37)} Nxd5 {(02:37)} 11. Ba3 {
(01:39)} Re8 {(04:37)} 12. Ne4 {(01:47)} Nb6 {(08:
09)} 13. Bb3 {(04:39)} Na5 {(09:54)} 14. O-O {(04:20)}
Nac4 {(04:55)} 15. Bc5 {(01:54)} Be6 {(04:41)} 16. Qe2 {
(02:10)} Qc7 {(01:35)} 17. Rfd1 {(01:58)} Rad8 {(
04:16)} 18. Rab1 {(04:33)} f5 {(08:31)} 19. Bxb6 {(01:34)}
axb6 {(01:03)} 20. Ng5 {(00:46)} Rxd1+ {(00:51)} 21. Rxd1
{(00:37)} b5 {(01:13)} 22. a4 {(04:22)} Bd7 {(02:
57)} 23. Qh5 {(01:29)} Be6 {(05:22)} 24. Qxe8# {(00:32]
Qd8 Qd7} 1-0

[Event "42nd Olympiad Baku 2016 Women"]
[Site "Baku"]
[Date "2016.09.05"]
[Round "4.22"]
[White "Chelushkina, Irina"]
[Black "Agrest, Inna"]
[Result "1-0"]
[ECO "A00"]
[WhiteElo "2221"]
[BlackElo "2222"]
[Annotator ""]
[PlyCount "139"]
[EventDate "2016.??.??"]
[EventCountry "AZE"]
[SourceTitle "playchess.com"]
[Source "ChessBase"]
[WhiteTeam "Serbia"]
[BlackTeam "Sweden"]
[WhiteTeamCountry "SRB"]
[BlackTeamCountry "SWE"]
[TimeControl "40/5400+30:1800+30"]

1. g3 {(00:00)} Nf6 {(00:00)} 2. Bg2 {(00:00)} g6 {
(00:06)} 3. e4 {(00:47)} d6 {(00:14)} 4. d4 {(00:
06)} Bg7 {(00:19)} 5. Nc3 {(00:08)} O-O {(01:27)} 6. Nge2
{(00:09)} Nbd7 {(00:22)} 7. O-O {(00:32)} c5 {(00:
48)} 8. a4 {(01:52)} Rb8 {(05:12)} 9. d5 {(01:14)} b6 {
(03:11)} 10. Nb5 {(01:54)} Rb7 {(17:43)} 11. c4 {(
00:24)} Ne8 {(08:38)} 12. h3 {(07:38)} a6 {(05:36)} 13.
Na3 {(00:09)} Nc7 {(02:43)} 14. Nc3 {(05:44)} b5 {(
11:40)} 15. cxb5 {(11:04)} axb5 {(00:49)} 16. Ncxb5 {(01:
28)} Nxb5 {(01:59)} 17. axb5 {(03:19)} Nb6 {(01:44)} 18.
Qb3 {(03:54)} Bd7 {(02:58)} 19. Bd2 {(02:42)} Nc8 {
(04:57)} 20. Rfe1 {(03:13)} Na7 {(01:18)} 21. e5 {(
04:22)} Bxb5 {(09:36)} 22. Bc3 {(13:58)} Qb8 {(06:23)} 23.
Qc2 {(01:09)} dxe5 {(01:08)} 24. Qc1 {(07:49)} Qd6 {
(01:39)} 25. h4 {(00:24)} Ba6 {(06:08)} 26. Qe3 {(
00:11)} f6 {(00:54)} 27. h5 {(02:17)} Nc8 {(01:58)} 28. h6
{(01:39)} Bh8 {(00:03)} 29. f4 {(01:45)} exf4 {(01:
40)} 30. gxf4 {(00:05)} Rb4 {(01:37)} 31. Bxb4 {(02:33)}
cxb4 {(00:04)} 32. Nc2 {(00:03)} f5 {(01:21)} 33. Nxb4 {
(07:26)} Bb7 {(00:14)} 34. Qe6+ {(02:37)} Qxe6 {(
00:25)} 35. Rxe6 {(00:08)} Bxb2 {(00:26)} 36. Rb1 {(00:38]
} Bf6 {(00:53)} 37. Nc6 {(01:55)} Ba8 {(00:26)} 38. Rb8 {
(02:17)} Nd6 {(00:08)} 39. Nd8 {(00:00)} Nf7 {(00:
00)} 40. Rxa8 {(00:00)} Rxd8 {(00:00)} 41. Rxd8+ {(08:02)}
Nxd8 {(02:40)} 42. Ra6 {(00:24)} Kf7 {(03:18)} 43. d6 {
(04:51)} Bd4+ {(11:48)} 44. Kf1 {(01:33)} Ke6 {(02:
30)} 45. Bd5+ {(01:14)} Kd7 {(00:13)} 46. dxe7 {(01:16)}
Kxe7 {(00:28)} 47. Ke2 {(00:18)} Bc5 {(01:54)} 48. Kf3 {
(01:16)} Bd4 {(04:42)} 49. Ke2 {(03:20)} Bc5 {(00:
31)} 50. Kd3 {(00:04)} Bf2 {(01:53)} 51. Rxg6 {(01:22)}
Bh4 {(02:38)} 52. Ra6 {(06:00)} Bf2 {(00:20)} 53. Rg6 {
(05:04)} Bh4 {(01:14)} 54. Rg7+ {(00:05)} Kd6 {(02:
04)} 55. Rxh7 {(03:10)} Kxd5 {(00:41)} 56. Rd7+ {(00:05)}
Ke6 {(00:07)} 57. h7 {(00:04)} Kxd7 {(01:26)} 58. h8=Q {
(00:06)} Be7 {(00:17)} 59. Qe5 {(01:00)} Ne6 {(00:
56)} 60. Qxf5 {(00:13)} Bd6 {(00:34)} 61. Qf7+ {(01:02)}
Be7 {(00:07)} 62. f5 {(01:38)} Nc5+ {(00:35)} 63. Kc4 {
(00:18)} Nb7 {(00:41)} 64. Kd5 {(00:11)} Nd8 {(01:
25)} 65. Qg7 {(00:37)} Ke8 {(00:37)} 66. Qg6+ {(00:43)}
Kd7 {(00:44)} 67. f6 {(00:46)} Bf8 {(00:47)} 68. Qg8 {
(00:22)} Ke8 {(01:03)} 69. Qh8 {(01:15)} Nf7 {(00:
45)} 70. Qh5 {(00:11)} 1-0

[Event "42nd Olympiad Baku 2016 Women"]
[Site "Baku"]
[Date "2016.09.05"]
[Round "4.10"]
[White "Chumpitaz, Ann"]
[Black "Montilla Reyes, Jorcerys"]
[Result "1-0"]
[ECO "B32"]
[WhiteElo "2150"]
[BlackElo "2194"]
[Annotator ""]
[PlyCount "141"]
[EventDate "2016.??.??"]
[EventCountry "AZE"]
[SourceTitle "playchess.com"]
[Source "ChessBase"]
[WhiteTeam "Peru"]
[BlackTeam "Venezuela"]
[WhiteTeamCountry "PER"]
[BlackTeamCountry "VEN"]
[TimeControl "40/5400+30:1800+30"]

1. e4 {(00:00)} c5 {(00:00)} 2. Nf3 {(00:00)} Nc6 {
(00:00)} 3. d4 {(00:00)} cxd4 {(00:00)} 4. Nxd4 {(
00:01)} Qb6 {(00:00)} 5. Nb3 {(00:06)} Nf6 {(00:00)} 6.
Nc3 {(00:58)} e6 {(00:03)} 7. Qe2 {(00:04)} Bb4 {(
00:07)} 8. Bd2 {(00:04)} O-O {(00:12)} 9. a3 {(00:18)} Be7
{(00:05)} 10. O-O-O {(00:36)} d5 {(03:05)} 11. exd5 {
(00:42)} exd5 {(00:07)} 12. Be3 {(05:29)} Qc7 {(00:
24)} 13. g3 {(03:10)} Bg4 {(03:41)} 14. f3 {(00:14)} Be6 {
(00:04)} 15. Bf4 {(00:56)} Qd7 {(05:58)} 16. Qf2 {(
12:07)} Rac8 {(02:53)} 17. g4 {(02:01)} Rfd8 {(00:55)} 18.
g5 {(22:20)} Nh5 {(02:22)} 19. Be3 {(00:06)} Ne5 {(
10:40)} 20. Nc5 {(00:41)} Bxc5 {(08:53)} 21. Bxc5 {(00:08]
} b6 {(11:02)} 22. Bd4 {(00:22)} Ng6 {(00:07)} 23. Bb5 {
(08:45)} Qd6 {(02:51)} 24. Ba6 {(00:09)} Rc6 {(05:
40)} 25. Kb1 {(05:56)} Ngf4 {(07:56)} 26. Qh4 {(08:56)}
Bf5 {(01:06)} 27. g6 {(14:43)} f6 {(07:46)} 28. gxh7+ {
(00:36)} Kxh7 {(00:13)} 29. Bd3 {(01:56)} Bxd3 {(
00:58)} 30. cxd3 {(00:19)} Qe6 {(01:47)} 31. Rhe1 {(01:33]
} Qf5 {(00:28)} 32. Qg4 {(00:09)} Qg6 {(02:39)} 33. Re7 {
(02:00)} a6 {(06:36)} 34. Ka2 {(00:19)} Ng2 {(06:
17)} 35. Qxg6+ {(01:04)} Kxg6 {(00:05)} 36. Rg1 {(00:03)}
Nhf4 {(00:06)} 37. Re2 {(08:55)} Kf5 {(02:45)} 38. Rexg2 {
(00:18)} Nxg2 {(00:05)} 39. Rxg2 {(00:02)} g5 {(00:
07)} 40. a4 {(00:00)} Rh8 {(00:00)} 41. Nxd5 {(11:19)} Rd6
{(04:01)} 42. Ne3+ {(00:02)} Kg6 {(05:50)} 43. Nc2 {
(00:41)} Rh4 {(00:06)} 44. Be3 {(09:50)} Rxd3 {(02:
11)} 45. b3 {(00:16)} b5 {(02:59)} 46. a5 {(00:24)} Rd5 {
(11:30)} 47. Bb6 {(02:10)} b4 {(06:09)} 48. Kb2 {(
01:31)} Rf4 {(06:43)} 49. Rg3 {(03:32)} Kf7 {(01:00)} 50.
Rg4 {(03:04)} Rxf3 {(01:15)} 51. Nxb4 {(00:08)} Rb5 {
(00:12)} 52. Ka3 {(01:33)} Ke6 {(01:51)} 53. Rg3 {(
01:52)} Rxg3 {(01:21)} 54. hxg3 {(00:06)} f5 {(00:45)} 55.
Nxa6 {(00:22)} Kd7 {(01:09)} 56. Nc5+ {(00:53)} Kc6 {
(00:10)} 57. b4 {(03:16)} f4 {(00:17)} 58. gxf4 {(
00:06)} gxf4 {(00:03)} 59. Ne6 {(00:51)} Re5 {(01:29)} 60.
Nxf4 {(00:07)} Kb5 {(00:05)} 61. Kb3 {(01:16)} Re1 {
(01:36)} 62. Nd5 {(00:32)} Rb1+ {(00:14)} 63. Kc2 {
(00:05)} Rh1 {(00:06)} 64. Bc5 {(00:08)} Kc4 {(00:
55)} 65. Ne3+ {(00:12)} Kb5 {(00:05)} 66. Kd3 {(00:37)}
Rh4 {(00:14)} 67. Nf5 {(00:15)} Rh3+ {(01:44)} 68. Ke4 {
(00:07)} Ra3 {(00:59)} 69. Nd4+ {(00:09)} Kc4 {(00:
12)} 70. Ke5 {(00:13)} Rh3 {(00:39)} 71. a6 {(00:24] Kd5+}
1-0

[Event "42nd Olympiad Baku 2016 Women"]
[Site "Baku"]
[Date "2016.09.05"]
[Round "4.12"]
[White "Chung, Yaleika"]
[Black "Moraga, Maria"]
[Result "0-1"]
[ECO "D02"]
[WhiteElo "1797"]
[BlackElo "1732"]
[Annotator ""]
[PlyCount "100"]
[EventDate "2016.??.??"]
[EventCountry "AZE"]
[SourceTitle "playchess.com"]
[Source "ChessBase"]
[WhiteTeam "Panama"]
[BlackTeam "Nicaragua"]
[WhiteTeamCountry "PAN"]
[BlackTeamCountry "NCA"]
[TimeControl "40/5400+30:1800+30"]

1. d4 {(00:00)} d5 {(00:00)} 2. Nf3 {(00:00)} Bf5 {
(00:59)} 3. Bf4 {(00:15)} e6 {(00:27)} 4. e3 {(00:
20)} Nf6 {(01:05)} 5. Bd3 {(00:12)} Bxd3 {(00:50)} 6. cxd3
{(00:20)} Bd6 {(05:31)} 7. Ne5 {(00:42)} Bxe5 {(04:
08)} 8. Bxe5 {(01:42)} Nc6 {(01:38)} 9. Bg3 {(00:40)} Qe7
{(02:02)} 10. a3 {(04:49)} O-O {(02:44)} 11. O-O {(
03:51)} e5 {(04:08)} 12. dxe5 {(10:46)} Nxe5 {(00:05)} 13.
b4 {(03:16)} Rfe8 {(04:25)} 14. h3 {(05:10)} Qd7 {(
02:27)} 15. d4 {(06:37)} Nc4 {(01:18)} 16. Nd2 {(00:11)}
Nxd2 {(02:02)} 17. Qxd2 {(02:52)} Ne4 {(00:46)} 18. Qd3 {
(01:09)} Nxg3 {(01:43)} 19. fxg3 {(00:09)} Re4 {(
00:35)} 20. Rf3 {(00:28)} Rae8 {(01:08)} 21. Raf1 {(00:27]
} R8e7 {(00:44)} 22. Rc1 {(05:40)} R7e6 {(03:27)} 23. b5 {
(02:24)} a6 {(08:26)} 24. bxa6 {(02:51)} Rxa6 {(00:
40)} 25. Qb3 {(01:29)} Rb6 {(03:47)} 26. Qa2 {(04:40)} c6
{(04:40)} 27. Rb1 {(04:37)} Rxb1+ {(02:24)} 28. Qxb1 {
(00:09)} Re8 {(00:27)} 29. Qc2 {(04:56)} Ra8 {(01:
29)} 30. e4 {(01:27)} dxe4 {(01:07)} 31. Qxe4 {(00:14)}
Re8 {(02:55)} 32. Qf4 {(01:04)} b5 {(05:43)} 33. Re3 {
(03:37)} Rxe3 {(04:18)} 34. Qxe3 {(00:08)} Qe6 {(
01:48)} 35. Kf2 {(05:47)} Kf8 {(00:43)} 36. Kf3 {(03:48)}
Ke7 {(04:42)} 37. g4 {(01:09)} Kd6 {(01:26)} 38. Qe4 {
(03:27)} h6 {(03:46)} 39. g3 {(04:10)} Qb3+ {(03:
01)} 40. Kf4 {(00:00)} g5+ {(00:00)} 41. Kf5 {(01:23)}
Qd5+ {(05:06)} 42. Qxd5+ {(16:43)} Kxd5 {(00:03)} 43. h4 {
(00:10)} Kxd4 {(03:15)} 44. hxg5 {(00:20)} hxg5 {(
00:04)} 45. Kxg5 {(00:44)} c5 {(00:20)} 46. Kf6 {(00:07)}
c4 {(00:19)} 47. g5 {(00:07)} c3 {(00:30)} 48. Kxf7 {
(00:06)} c2 {(00:08)} 49. g6 {(00:07)} c1=Q {(00:
22)} 50. g7 {(00:16)} Qc7+ {(00:30)} 0-1

[Event "42nd Olympiad Baku 2016 Women"]
[Site "Baku"]
[Date "2016.09.05"]
[Round "4.29"]
[White "Ciuksyte, Dagne"]
[Black "Baptista, Ana Filipa"]
[Result "1-0"]
[ECO "B80"]
[WhiteElo "2323"]
[BlackElo "2125"]
[Annotator ""]
[PlyCount "47"]
[EventDate "2016.??.??"]
[EventCountry "AZE"]
[SourceTitle "playchess.com"]
[Source "ChessBase"]
[WhiteTeam "England"]
[BlackTeam "Portugal"]
[WhiteTeamCountry "ENG"]
[BlackTeamCountry "POR"]
[TimeControl "40/5400+30:1800+30"]

1. e4 {(00:00)} c5 {(00:00)} 2. Nf3 {(00:00)} e6 {(
00:01)} 3. d4 {(00:00)} cxd4 {(00:12)} 4. Nxd4 {(00:00)}
Nf6 {(00:08)} 5. Nc3 {(00:03)} d6 {(00:21)} 6. Be3 {
(00:41)} a6 {(01:05)} 7. f4 {(06:04)} Qc7 {(02:10)}
8. Be2 {(07:07)} Be7 {(03:28)} 9. O-O {(01:32)} O-O {
(01:59)} 10. a4 {(07:29)} Nc6 {(13:47)} 11. Kh1 {(
05:28)} Na5 {(08:35)} 12. Qd3 {(14:44)} Bd7 {(05:25)} 13.
Rad1 {(11:24)} Rac8 {(08:23)} 14. e5 {(08:00)} dxe5 {
(21:49)} 15. fxe5 {(00:12)} Qxe5 {(03:24)} 16. Nf3 {
(00:06)} Qc7 {(01:23)} 17. Ng5 {(04:30)} Rfd8 {(04:
24)} 18. Rxf6 {(07:26)} Bxf6 {(00:22)} 19. Qxh7+ {(00:10)}
Kf8 {(00:08)} 20. Nxf7 {(02:59)} Kxf7 {(03:15)} 21. Bh5+ {
(00:14)} Ke7 {(05:05)} 22. Bg5 {(00:14)} Rg8 {(01:
37)} 23. Bxf6+ {(00:10)} Kxf6 {(00:32)} 24. Qg6+ {(00:05)}
1-0

[Event "42nd Olympiad Baku 2016 Women"]
[Site "Baku"]
[Date "2016.09.05"]
[Round "4.2"]
[White "Clementson, Jessica"]
[Black "Diaz, Maria M A"]
[Result "0-1"]
[ECO "B06"]
[WhiteElo "1233"]
[BlackElo "1928"]
[Annotator ""]
[PlyCount "48"]
[EventDate "2016.??.??"]
[EventCountry "AZE"]
[SourceTitle "playchess.com"]
[Source "ChessBase"]
[WhiteTeam "Guyana"]
[BlackTeam "ARU"]
[WhiteTeamCountry "GUY"]
[TimeControl "40/5400+30:1800+30"]

1. e4 {(00:00)} g6 {(00:00)} 2. d4 {(00:08)} Bg7 {(
00:08)} 3. Nf3 {(00:26)} d6 {(00:16)} 4. Bc4 {(01:00)} Nf6
{(00:19)} 5. Bd3 {(04:31)} c5 {(01:08)} 6. dxc5 {(
01:24)} Qa5+ {(00:19)} 7. Nc3 {(01:32)} Qxc5 {(00:15)} 8.
O-O {(01:02)} Bg4 {(01:15)} 9. Be3 {(05:33)} Qa5 {(
01:45)} 10. h3 {(03:12)} Bxf3 {(01:01)} 11. Qxf3 {(00:21)}
Nc6 {(00:06)} 12. Rfd1 {(08:04)} O-O {(00:32)} 13. Qe2 {
(05:55)} Ne5 {(01:26)} 14. f4 {(14:50)} Ned7 {(01:
27)} 15. f5 {(06:00)} Qb4 {(02:37)} 16. Bc1 {(03:05)} Qb6+
{(01:44)} 17. Kh1 {(03:12)} Nh5 {(06:12)} 18. Qf3 {
(06:35)} Be5 {(01:07)} 19. g4 {(07:10)} Nhf6 {(07:
40)} 20. fxg6 {(11:46)} hxg6 {(04:19)} 21. Bc4 {(05:03)}
Bxc3 {(03:29)} 22. bxc3 {(02:54)} Ne5 {(00:15)} 23. Qe2 {
(01:29)} Kg7 {(00:21)} 24. Bg5 {(02:08)} Nfxg4 {(
03:55)} 0-1